| TOP OF THE 1ST |
|
Kannapolis Intimidators batting - Pitching for Lake County Captains : RHP Kensaku Shiba
|
|
Pitching: RHP Kensaku Shiba
|
|
|
Batting: LHB John Thurman
|
0-0: Foul Ball, location: 2F 0-1: Fly out, F4 (Flyball, 4MD, EV 69.4 MPH)
|
|
Batting: RHB Mike Warzecha
|
0-0: Ball 1-0: Called Strike 1-1: Ground out 4-3 (Groundball, 4M, EV 96.9 MPH)
|
|
Batting: LHB Dustin Taylor
|
0-0: Ball 1-0: Called Strike 1-1: Ground out 6-3 (Groundball, 6, EV 82.5 MPH)
|
| Top of the 1st over - 0 runs, 0 hits, 0 errors, 0 left on base; Kannapolis 0 - Lake County 0 |
| BOTTOM OF THE 1ST |
|
Lake County Captains batting - Pitching for Kannapolis Intimidators : RHP Matt Hastings
|
|
Pitching: RHP Matt Hastings
|
|
|
Batting: LHB Tim Fuller
|
0-0: Ball 1-0: Called Strike 1-1: Ground out 6-3 (Groundball, 56, EV 95.6 MPH)
|
|
Batting: LHB Yasuo Igarashi
|
0-0: Ball 1-0: Ball 2-0: Ball 3-0: Base on Balls
|
|
Batting: SHB Charlie Diesel
|
0-0: Called Strike Yasuo Igarashi steals 2nd base 0-1: Ball 1-1: Ground out 2-3 (Groundball, 2L, EV 70.0 MPH) Yasuo Igarashi to third
|
|
Batting: LHB Justin Rankin
|
0-0: Called Strike 0-1: Foul Ball, location: 2F 0-2: Ball 1-2: Foul Ball, location: 2F 1-2: Ball 2-2: Strikes out swinging
|
| Bottom of the 1st over - 0 runs, 0 hits, 0 errors, 1 left on base; Kannapolis 0 - Lake County 0 |
| TOP OF THE 2ND |
|
Kannapolis Intimidators batting - Pitching for Lake County Captains : RHP Kensaku Shiba
|
|
Batting: LHB Angel Tellez
|
0-0: Called Strike 0-1: Swinging Strike 0-2: Strikes out looking
|
|
Batting: RHB Jose Medina
|
0-0: Swinging Strike 0-1: Foul Ball, location: 2F 0-2: Ball 1-2: Strikes out looking
|
|
Batting: LHB Alberto Carrasco
|
0-0: Called Strike 0-1: Ground out 5-3 (Groundball, 5, EV 98.1 MPH)
|
| Top of the 2nd over - 0 runs, 0 hits, 0 errors, 0 left on base; Kannapolis 0 - Lake County 0 |
| BOTTOM OF THE 2ND |
|
Lake County Captains batting - Pitching for Kannapolis Intimidators : RHP Matt Hastings
|
|
Batting: RHB Danny Millsaps
|
0-0: Ball 1-0: Foul Ball, location: 2F 1-1: Ball 2-1: Ground out 3-1 (Groundball, 34, EV 104.4 MPH)
|
|
Batting: RHB Adrian Martinelli
|
0-0: Swinging Strike 0-1: Called Strike 0-2: Ball 1-2: Strikes out swinging
|
|
Batting: LHB Danny Moreno
|
0-0: Ball 1-0: Ball 2-0: Called Strike 2-1: Foul Ball, location: 2F 2-2: Strikes out swinging
|
| Bottom of the 2nd over - 0 runs, 0 hits, 0 errors, 0 left on base; Kannapolis 0 - Lake County 0 |
| TOP OF THE 3RD |
|
Kannapolis Intimidators batting - Pitching for Lake County Captains : RHP Kensaku Shiba
|
|
Batting: RHB Micah Brown
|
0-0: Ball 1-0: Ball 2-0: Ball 3-0: Base on Balls
|
|
Batting: RHB Tyrell Camp
|
0-0: Ball 1-0: Ball 2-0: Grounds into double play, 3-6-3 (Groundball, 34, EV 83.1 MPH)
|
|
Batting: RHB Danny Longoria
|
0-0: Ball 1-0: Foul Ball, location: 2F 1-1: Ball 2-1: Called Strike 2-2: Ground out 5-3 (Groundball, 56, EV 83.8 MPH)
|
| Top of the 3rd over - 0 runs, 0 hits, 0 errors, 0 left on base; Kannapolis 0 - Lake County 0 |
| BOTTOM OF THE 3RD |
|
Lake County Captains batting - Pitching for Kannapolis Intimidators : RHP Matt Hastings
|
|
Batting: LHB Ubbe de Bruin
|
0-0: Foul Ball, location: 2F 0-1: Ball 1-1: Ball 2-1: Swinging Strike 2-2: Ground out 5-3 (Groundball, 56, EV 86.9 MPH)
|
|
Batting: LHB Alan Kelly
|
0-0: Fly out, F7 (Flyball, 7D, EV 100.6 MPH)
|
|
Batting: LHB Tim Fuller
|
0-0: Called Strike 0-1: Called Strike 0-2: Ball 1-2: Strikes out swinging
|
| Bottom of the 3rd over - 0 runs, 0 hits, 0 errors, 0 left on base; Kannapolis 0 - Lake County 0 |
| TOP OF THE 4TH |
|
Kannapolis Intimidators batting - Pitching for Lake County Captains : RHP Kensaku Shiba
|
|
Batting: LHB John Thurman
|
0-0: Ball 1-0: Ball 2-0: Ball 3-0: Base on Balls
|
|
Batting: RHB Mike Warzecha
|
0-0: Called Strike 0-1: Ball John Thurman is caught stealing 2nd base 2-4 1-1: Ground out 4-3 (Groundball, 4, EV 111.9 MPH)
|
|
Batting: LHB Dustin Taylor
|
0-0: Foul Ball, location: 2F 0-1: Ground out 4-3 (Groundball, 4D, EV 98.1 MPH)
|
| Top of the 4th over - 0 runs, 0 hits, 0 errors, 0 left on base; Kannapolis 0 - Lake County 0 |
| BOTTOM OF THE 4TH |
|
Lake County Captains batting - Pitching for Kannapolis Intimidators : RHP Matt Hastings
|
|
Batting: LHB Yasuo Igarashi
|
0-0: Ball 1-0: Ball 2-0: Called Strike 2-1: Ball 3-1: Base on Balls
|
|
Batting: SHB Charlie Diesel
|
0-0: Ball 1-0: Called Strike 1-1: Called Strike Yasuo Igarashi steals 2nd base 1-2: Ball 2-2: Ball 3-2: 2-RUN HOME RUN (Flyball, 7D, EV 100.0 MPH), Distance : 398 ft
|
|
Batting: LHB Justin Rankin
|
0-0: SINGLE (Groundball, 6M, EV 83.1 MPH) (infield hit)
|
|
Batting: RHB Danny Millsaps
|
0-0: Called Strike 0-1: Foul Ball, location: 2F 0-2: Strikes out swinging
|
|
Batting: RHB Adrian Martinelli
|
0-0: Ball 1-0: Ball Justin Rankin steals 2nd base 2-0: Ball 3-0: Called Strike 3-1: Ground out 1-3 (Groundball, 13S, EV 66.9 MPH) Justin Rankin to third
|
|
Batting: LHB Danny Moreno
|
0-0: Ball 1-0: Swinging Strike 1-1: Ball 2-1: Called Strike 2-2: Foul Ball, location: 2F 2-2: Ball 3-2: Strikes out swinging
|
| Bottom of the 4th over - 2 runs, 2 hits, 0 errors, 1 left on base; Kannapolis 0 - Lake County 2 |
| TOP OF THE 5TH |
|
Kannapolis Intimidators batting - Pitching for Lake County Captains : RHP Kensaku Shiba
|
|
Batting: LHB Angel Tellez
|
0-0: Called Strike 0-1: Ball 1-1: Swinging Strike 1-2: Ball 2-2: SINGLE (Groundball, 4S, EV 68.8 MPH) (infield hit)
|
|
Batting: RHB Jose Medina
|
0-0: Called Strike 0-1: Ball 1-1: Ball 2-1: Swinging Strike 2-2: SINGLE (Groundball, 6S, EV 76.9 MPH) (infield hit) Angel Tellez to second
|
|
Batting: LHB Alberto Carrasco
|
0-0: Ball 1-0: SINGLE (Groundball, 25, EV 63.1 MPH) (infield hit) Angel Tellez to third Jose Medina to second
|
|
Batting: RHB Micah Brown
|
0-0: Ball 1-0: Called Strike 1-1: Ball 2-1: Grounds into double play, 4-6-3 (Groundball, 4S, EV 84.4 MPH) Angel Tellez scores Jose Medina to third
|
|
Batting: RHB Tyrell Camp
|
0-0: Called Strike 0-1: Swinging Strike 0-2: Ball 1-2: Ball 2-2: Foul Ball, location: 2F 2-2: Foul Ball, location: 2F 2-2: Strikes out swinging
|
| Top of the 5th over - 1 run, 3 hits, 0 errors, 1 left on base; Kannapolis 1 - Lake County 2 |
| BOTTOM OF THE 5TH |
|
Lake County Captains batting - Pitching for Kannapolis Intimidators : RHP Matt Hastings
|
|
Batting: LHB Ubbe de Bruin
|
0-0: Called Strike 0-1: Ball 1-1: Ball 2-1: Ground out 6-3 (Groundball, 6MS, EV 90.6 MPH)
|
|
Batting: LHB Alan Kelly
|
0-0: Called Strike 0-1: Ball 1-1: Ball 2-1: Foul Ball, location: 2F 2-2: DOUBLE (Groundball, 3L, EV 100.0 MPH)
|
|
Batting: LHB Tim Fuller
|
0-0: Called Strike 0-1: Swinging Strike 0-2: Ball 1-2: Ball 2-2: Strikes out swinging, 2-3 out at first.
|
|
Batting: LHB Yasuo Igarashi
|
0-0: Called Strike 0-1: Ball 1-1: Swinging Strike 1-2: Strikes out swinging
|
| Bottom of the 5th over - 0 runs, 1 hit, 0 errors, 1 left on base; Kannapolis 1 - Lake County 2 |
| TOP OF THE 6TH |
|
Kannapolis Intimidators batting - Pitching for Lake County Captains : RHP Kensaku Shiba
|
|
Batting: RHB Danny Longoria
|
0-0: Ball 1-0: Called Strike 1-1: Reached on error, E7 (Flyball, 78M, EV 89.4 MPH)
|
|
Batting: LHB John Thurman
|
0-0: Called Strike 0-1: Ball 1-1: Ball 2-1: Fly out, F6 (Line Drive, 6, EV 68.8 MPH)
|
|
Batting: RHB Mike Warzecha
|
0-0: Called Strike 0-1: Ball 1-1: Called Strike 1-2: Ball 2-2: Foul Ball, location: 2F 2-2: Ball 3-2: Fly out, F8 (Flyball, 8RXD, EV 87.5 MPH)
|
|
Batting: LHB Dustin Taylor
|
0-0: Called Strike 0-1: Ball 1-1: Foul Ball, location: 2F 1-2: Ball 2-2: Foul Ball, location: 2F 2-2: Foul Ball, location: 2F 2-2: Ground out 3-1 (Groundball, 34, EV 79.4 MPH)
|
| Top of the 6th over - 0 runs, 0 hits, 1 error, 1 left on base; Kannapolis 1 - Lake County 2 |
| BOTTOM OF THE 6TH |
|
Lake County Captains batting - Pitching for Kannapolis Intimidators : RHP Matt Hastings
|
|
Batting: SHB Charlie Diesel
|
0-0: Ball 1-0: Ball 2-0: Ball 3-0: Base on Balls
|
|
Batting: LHB Justin Rankin
|
0-0: Fielders Choice at 2nd, 6-4 (Groundball, 6, EV 88.1 MPH)
|
|
Batting: RHB Danny Millsaps
|
0-0: Called Strike 0-1: Ball 1-1: Foul Ball, location: 2F 1-2: Ball 2-2: Foul Ball, location: 2F 2-2: Grounds into double play, 4-6-3 (Groundball, 4, EV 86.9 MPH)
|
| Bottom of the 6th over - 0 runs, 0 hits, 0 errors, 0 left on base; Kannapolis 1 - Lake County 2 |
| TOP OF THE 7TH |
|
Kannapolis Intimidators batting - Pitching for Lake County Captains : RHP Kensaku Shiba
|
|
Pitching: LHP Jordan Leon
|
|
|
Batting: LHB Angel Tellez
|
0-0: Ball 1-0: Called Strike 1-1: Foul Ball, location: 2F 1-2: Ball 2-2: Ball 3-2: Strikes out swinging
|
|
Pitching: RHP Malachi Shelton
|
|
|
Batting: RHB Jose Medina
|
0-0: Ball 1-0: Foul Ball, location: 2F 1-1: Foul Ball, location: 2F 1-2: Ground out U3 (Groundball, 3S, EV 81.3 MPH)
|
|
Batting: LHB Alberto Carrasco
|
0-0: Foul Ball, location: 2F 0-1: Ground out 6-3 (Groundball, 6, EV 93.8 MPH)
|
| Top of the 7th over - 0 runs, 0 hits, 0 errors, 0 left on base; Kannapolis 1 - Lake County 2 |
| BOTTOM OF THE 7TH |
|
Lake County Captains batting - Pitching for Kannapolis Intimidators : RHP Matt Hastings
|
|
Batting: RHB Adrian Martinelli
|
0-0: Ball 1-0: Ground out 6-3 (Groundball, 6, EV 91.9 MPH)
|
|
Batting: LHB Danny Moreno
|
0-0: Called Strike 0-1: Swinging Strike 0-2: Ball 1-2: Foul Ball, location: 2F 1-2: Ball 2-2: Ball 3-2: Base on Balls
|
|
Pitching: LHP Nick Egner
|
|
|
Batting: LHB Ubbe de Bruin
|
0-0: Foul Ball, location: 2F 0-1: Foul Ball, location: 2F 0-2: Ball 1-2: Grounds into double play, 5-4-3 (Groundball, 5, EV 80.6 MPH)
|
| Bottom of the 7th over - 0 runs, 0 hits, 0 errors, 0 left on base; Kannapolis 1 - Lake County 2 |
| TOP OF THE 8TH |
|
Kannapolis Intimidators batting - Pitching for Lake County Captains : RHP Malachi Shelton
|
|
Pitching: RHP Ryan Southerland
|
|
|
Batting: RHB Micah Brown
|
0-0: Called Strike 0-1: Ground out 6-3 (Groundball, 56, EV 86.3 MPH)
|
|
Pinch Hitting: LHB Joe Kirkland
|
0-0: Ground out U3 (Groundball, 3L, EV 85.6 MPH)
|
|
Pinch Hitting: LHB Victor Lema
|
0-0: Foul Ball, location: 2F 0-1: DOUBLE (Line Drive, 5D, EV 96.3 MPH)
|
|
Batting: LHB John Thurman
|
0-0: Foul Ball, location: 2F 0-1: Foul Ball, location: 2F 0-2: Ball 1-2: Ball 2-2: Foul Ball, location: 2F 2-2: Foul Ball, location: 2F 2-2: Ground out 4-3 (Groundball, 4, EV 84.4 MPH)
|
| Top of the 8th over - 0 runs, 1 hit, 0 errors, 1 left on base; Kannapolis 1 - Lake County 2 |
| BOTTOM OF THE 8TH |
|
Lake County Captains batting - Pitching for Kannapolis Intimidators : LHP Nick Egner
|
|
Now at 1B: Benny O'Connor
|
|
|
Now at 3B: Gonçalo Burhil
|
|
|
Batting: LHB Alan Kelly
|
0-0: SINGLE (Groundball, 34D, EV 97.5 MPH)
|
|
Batting: LHB Tim Fuller
|
0-0: Sac Bunt to 15S - play at first, batter safe! Alan Kelly to second
|
|
Batting: LHB Yasuo Igarashi
|
0-0: Called Strike 0-1: Called Strike 0-2: Foul Ball, location: 2F 0-2: Ball 1-2: Ball 2-2: Fly out, F6 (Flyball, 56D, EV 82.5 MPH)
|
|
Batting: SHB Charlie Diesel
|
0-0: Ball 1-0: Fly out, F8 (Flyball, 8RD, EV 82.5 MPH)
|
|
Batting: LHB Justin Rankin
|
0-0: Called Strike 0-1: Ball 1-1: Swinging Strike 1-2: Strikes out swinging
|
| Bottom of the 8th over - 0 runs, 2 hits, 0 errors, 2 left on base; Kannapolis 1 - Lake County 2 |
| TOP OF THE 9TH |
|
Kannapolis Intimidators batting - Pitching for Lake County Captains : RHP Ryan Southerland
|
|
Batting: RHB Mike Warzecha
|
0-0: Ball 1-0: Ball 2-0: Called Strike 2-1: Ground out 6-3 (Groundball, 6, EV 81.9 MPH)
|
|
Batting: LHB Dustin Taylor
|
0-0: Ball 1-0: Foul Ball, location: 2F 1-1: Called Strike 1-2: DOUBLE (Line Drive, 78XD, EV 106.3 MPH)
|
|
Batting: LHB Angel Tellez
|
0-0: Ball 1-0: TRIPLE (Flyball, 9LD, EV 113.8 MPH) Dustin Taylor scores
|
|
Batting: RHB Jose Medina
|
0-0: Foul Ball, location: 2F 0-1: Ground out 6-3 (Groundball, 6, EV 86.9 MPH)
|
|
Batting: LHB Alberto Carrasco
|
0-0: Ball 1-0: Called Strike 1-1: Foul Ball, location: 2F 1-2: Strikes out looking
|
| Top of the 9th over - 1 run, 2 hits, 0 errors, 1 left on base; Kannapolis 2 - Lake County 2 |
| BOTTOM OF THE 9TH |
|
Lake County Captains batting - Pitching for Kannapolis Intimidators : LHP Nick Egner
|
|
Pitching: RHP Juan Estrada
|
|
|
Batting: RHB Danny Millsaps
|
0-0: Called Strike 0-1: Called Strike 0-2: Strikes out swinging
|
|
Batting: RHB Adrian Martinelli
|
0-0: Called Strike 0-1: Foul Ball, location: 2F 0-2: SINGLE (Groundball, 56, EV 103.1 MPH)
|
|
Batting: LHB Danny Moreno
|
0-0: Fielders Choice at 2nd, 2-4 (Groundball, 2L, EV 75.6 MPH)
|
|
Batting: LHB Ubbe de Bruin
|
0-0: Called Strike 0-1: Called Strike 0-2: Foul Ball, location: 2F 0-2: Strikes out looking
|
| Bottom of the 9th over - 0 runs, 1 hit, 0 errors, 1 left on base; Kannapolis 2 - Lake County 2 |
| TOP OF THE 10TH |
|
Kannapolis Intimidators batting - Pitching for Lake County Captains : RHP Ryan Southerland
|
|
Batting: RHB Micah Brown
|
0-0: Ball 1-0: Called Strike 1-1: Ball 2-1: Swinging Strike 2-2: Ball 3-2: Foul Ball, location: 2F 3-2: SINGLE (Groundball, 6MD, EV 108.1 MPH)
|
|
Batting: RHB Benny O'Connor
|
0-0: Foul Ball, location: 2F 0-1: Ball 1-1: Grounds into double play, 6-4-3 (Groundball, 6, EV 86.9 MPH)
|
|
Pinch Hitting: LHB Preston Knaak
|
0-0: Ground out 6-3 (Groundball, 6, EV 103.1 MPH)
|
| Top of the 10th over - 0 runs, 1 hit, 0 errors, 0 left on base; Kannapolis 2 - Lake County 2 |
| BOTTOM OF THE 10TH |
|
Lake County Captains batting - Pitching for Kannapolis Intimidators : RHP Juan Estrada
|
|
Pitching: RHP Tony Arriaga
|
|
|
Now at 3B: Tadaaki Kondo
|
|
|
Batting: LHB Alan Kelly
|
0-0: Swinging Strike 0-1: Foul Ball, location: 2F 0-2: Ball 1-2: Reached on error, E5 (Groundball, 56S, EV 68.8 MPH)
|
|
Batting: LHB Tim Fuller
|
0-0: Ball 1-0: Swinging Strike 1-1: Swinging Strike 1-2: Strikes out looking
|
|
Batting: LHB Yasuo Igarashi
|
0-0: Called Strike 0-1: Foul Ball, location: 2F 0-2: Ball 1-2: Ball 2-2: Strikes out swinging
|
|
Batting: SHB Charlie Diesel
|
0-0: Swinging Strike 0-1: Ball 1-1: Called Strike 1-2: Ball 2-2: Strikes out swinging
|
| Bottom of the 10th over - 0 runs, 0 hits, 1 error, 1 left on base; Kannapolis 2 - Lake County 2 |
| TOP OF THE 11TH |
|
Kannapolis Intimidators batting - Pitching for Lake County Captains : RHP Ryan Southerland
|
|
Batting: LHB John Thurman
|
0-0: Swinging Strike 0-1: Called Strike 0-2: Foul Ball, location: 2F 0-2: Foul Ball, location: 2F 0-2: Ball 1-2: SINGLE (Flyball, 56D, EV 95.0 MPH)
|
|
Batting: RHB Mike Warzecha
|
0-0: Bunt missed! 0-1: Called Strike 0-2: Ball 1-2: Ground out 3-1 (Groundball, 34S, EV 86.3 MPH) John Thurman to second
|
|
Pitching: LHP Aaron Manees
|
|
|
Batting: LHB Dustin Taylor
|
0-0: Ball 1-0: Ball 2-0: Ball 3-0: Called Strike 3-1: Swinging Strike 3-2: Base on Balls
|
|
Batting: LHB Angel Tellez
|
0-0: Ball John Thurman steals 3rd base Dustin Taylor to second 1-0: Foul Ball, location: 2F 1-1: Ball 2-1: Foul Ball, location: 2F 2-2: Fly out, F9 (Flyball, 9S, EV 86.3 MPH) Runner from 3rd tags up, SCORES, throw by RF Dustin Taylor to third
|
|
Batting: RHB Jose Medina
|
0-0: Ball 1-0: Called Strike 1-1: Foul Ball, location: 2F 1-2: Ball 2-2: Ball 3-2: Base on Balls
|
|
Pinch Hitting: RHB Omar Lopez
|
0-0: Called Strike 0-1: Ball 1-1: Ball 2-1: Ball 3-1: Ground out 4-3 (Groundball, 4, EV 82.5 MPH)
|
| Top of the 11th over - 1 run, 1 hit, 0 errors, 2 left on base; Kannapolis 3 - Lake County 2 |
| BOTTOM OF THE 11TH |
|
Lake County Captains batting - Pitching for Kannapolis Intimidators : RHP Tony Arriaga
|
|
Now at SS: Ching-hsia Zhang
|
|
|
Now in LF: Dustin Taylor
|
|
|
Now in RF: Adam Lambert
|
|
|
Batting: LHB Justin Rankin
|
0-0: Called Strike 0-1: Swinging Strike 0-2: Foul Ball, location: 2F 0-2: Ball 1-2: Foul Ball, location: 2F 1-2: Foul Ball, location: 2F 1-2: Strikes out swinging
|
|
Batting: RHB Danny Millsaps
|
0-0: Called Strike 0-1: Ground out 1-3 (Groundball, 23, EV 68.8 MPH)
|
|
Batting: RHB Adrian Martinelli
|
0-0: Called Strike 0-1: Foul Ball, location: 2F 0-2: Ball 1-2: Strikes out swinging
|
| Bottom of the 11th over - 0 runs, 0 hits, 0 errors, 0 left on base; Kannapolis 3 - Lake County 2 |
|